 Dungeon Crawl Stone Soup version 0.24-a0-317-g5cb8de4b22 (webtiles) character file.

Game seed: 15002778309120459453

38 HAL9000 the Sneak (level 3, -13/18 HPs)
             Began as a Vine Stalker Assassin on May 16, 2019.
             Mangled by Sigmund
             ... wielding a +2 scythe of protection
              (15 damage)
             ... on level 2 of the Dungeon.
             The game lasted 00:01:22 (1165 turns).

HAL9000 the Sneak (Vine Stalker Assassin)           Turns: 1165, Time: 00:01:23

Health: -13/18     AC:  4    Str: 13    XL:     3   Next: 43%
Magic:  0/4        EV: 11    Int: 12    God:
Gold:   20         SH:  0    Dex: 15    Spells: 2/2 levels left

rFire    . . .     SeeInvis .   a - +2 dagger
rCold    . . .     Gourm    .   (no shield)
rNeg     . . .     Faith    .   b - +0 robe
rPois    .         Spirit   +   (no helmet)
rElec    .         Reflect  .   c - +1 cloak
rCorr    .         Harm     .   (no gloves)
MR       .....                  (no boots)
Stlth    +++.......             (no amulet)
HPRegen  0.06/turn              (no ring)
MPRegen  0.09/turn              (no ring)

@: no status effects
A: fangs 2, magic shield, antimagic bite, no potion heal 3, rot immunity
a: no special abilities


You were on level 2 of the Dungeon.
You were hungry.

You visited 1 branch of the dungeon, and saw 2 of its levels.

You collected 20 gold pieces.

Inventory:

Hand Weapons
 a - a +2 dagger (weapon)
Missiles
 d - 8 poisoned darts (quivered)
 i - 3 boomerangs
Armour
 b - a +0 robe (worn)
 c - a +1 cloak (worn)
Scrolls
 h - a scroll of teleportation {unknown}
Comestibles
 f - 2 rations


   Skills:
 - Level 1.7 Fighting
 + Level 3.4 Short Blades
 - Level 1.7 Throwing
 - Level 0.7 Dodging
 - Level 4.8 Stealth


You had 2 spell levels left.
You didn't know any spells.
Your spell library was empty.

Dungeon Overview and Level Annotations

Branches:
Dungeon (2/15)

Altars:

Annotations:
D:2 Sigmund


Innate Abilities, Weirdness & Mutations

You have extremely sharp teeth.
When hurt, damage is shared between your health and your magic reserves.
Your bite disrupts and absorbs the magic of your enemies.
Potions cannot restore your health.
You are immune to rotting.


Message History

You hit Sigmund.
Sigmund is heavily wounded.
Sigmund completely misses you.
You hit Sigmund but do no damage.
Sigmund is heavily wounded.
You hit Sigmund but do no damage.
Sigmund is severely wounded.
You hit Sigmund but do no damage.
Sigmund is severely wounded.
Sigmund casts a spell.
Sigmund flickers and vanishes!
Deactivating autopickup; reactivate with Ctrl-A.
You closely miss something. You hit something but do no damage.
Something hits you!
Ouch! That really hurt!
* * * LOW HITPOINT WARNING * * *
You hit something but do no damage. You hit something but do no damage.
Something hits you!
Ouch! That really hurt!
You die...

#$ . #. .. (. ..
#. ##. #. #...#.
#...(.############
#{@..<........
#......<#####
######.## #.# #.#
#........
####.≈≈≈. ≈?≈. ≈≈.


There were no monsters in sight!

Vanquished Creatures
  A gnoll (D:1)
  2 dart slugs (D:1)
  A bat (D:1)
  4 giant cockroaches (D:1)
  A hobgoblin (D:1)
  6 jackals (D:1)
  A kobold (D:1)
  7 rats
23 creatures vanquished.

Notes
Turn   | Place    | Note
-------+----------+-------------------------------------------
     0 | D:1      | HAL9000 the Vine Stalker Assassin began the quest for the
                  | Orb.
     0 | D:1      | Reached XP level 1. HP: 11/11 MP: 2/2
   114 | D:1      | Reached XP level 2. HP: 15/15 MP: 3/3
   575 | D:1      | Reached XP level 3. HP: 4/18 MP: 1/4
  1140 | D:2      | Noticed Sigmund
  1165 | D:2      | Mangled by Sigmund

Levels and vault maps discovered:
D:1:      lightli_molten_gateway, layout_rooms, minmay_crystal_water,
          minmay_misc_feat_tower, minmay_pentomino_t2
D:2:      layout_loops_ring, minivault_5, corexii_item_surrounded_by_moat,
          uniq_sigmund

Skill      XL: |  1  2 |
---------------+-------+-----
Short Blades   | 2 3 |  3.4
Fighting       | |  1.7
Throwing       | |  1.7
Dodging        | |  0.7
Stealth        | |  4.8

Action                   || total
-------------------------++-------
Melee: Dagger            ||    61
       Bite              ||    10
Throw: Dart              ||     2
  Use: Potion            ||     3
       Scroll            ||     2
 Stab: Sleeping          ||     7
Armor: Robe              ||    22
Dodge: Dodged            ||    48

Table legend:
 A = Non-vault XP
 B = Vault XP
 C = Vault XP percentage of total XP
 D = Non-vault monster count
 E = Vault monster count
 F = Vault count percentage of total count
                 A         B        C        D         E       F
            +---------+---------+-------+---------+---------+-------
      Total |      53 |       2 |   3.6 |      22 |       1 |   4.3
            +---------+---------+-------+---------+---------+-------
        D:1 |      52 |       2 |   3.7 |      21 |       1 |   4.5
        D:2 |       1 |       0 |   0.0 |       1 |       0 |   0.0
            +---------+---------+-------+---------+---------+-------
